 Dungeon Crawl Stone Soup version 0.29.0-4-gdea44cf6ec (webtiles) character file.

Game seed: 16309759151564950607

378 qw the Sneak (level 6, -1/38 HPs)
             Began as a Gargoyle Delver on Sept 10, 2022.
             Slain by a quokka (3 damage)
             ... on level 4 of the Dungeon.
             The game lasted 00:01:36 (4304 turns).

qw the Sneak (Gargoyle Delver)                      Turns: 4304, Time: 00:01:36

Health: -1/38      AC: 17    Str: 17    XL:     6   Next: 74%
Magic:  6/6        EV:  5    Int: 11    God:
Gold:   233        SH:  0    Dex: 11    Spells: 5/5 levels left

rFire   . . .      SeeInvis .   Y - +1 hand axe
rCold   . . .      Faith    .   (no shield)
rNeg    + . .      Spirit   .   d - +0 plate armour
rPois   inf        Reflect  .   (no helmet)
rElec   +          Harm     .   (no cloak)
rCorr   .          Rampage  .   n - +0 pair of gloves
Will    .....                   (no boots)
Stlth   ..........              (no amulet)
HPRegen 0.12/turn               (no ring)
MPRegen 0.10/turn               (no ring)

@: no status effects
A: sickness immunity, AC +4, negative energy resistance 1, electricity
resistance, torment resistance 1, petrification resistance
a: no special abilities


You were on level 4 of the Dungeon.
You visited 1 branch of the dungeon, and saw 5 of its levels.

You collected 233 gold pieces.


Innate Abilities, Weirdness & Mutations

You are immune to sickness and miasma.
Your stone body is resilient. (AC +4)
You are immune to poison.
You resist negative energy. (rN+)
You are resistant to electric shocks. (rElec)
You are resistant to unholy torment.
You are immune to petrification.


   Skills:
 - Level 4.1 Fighting
 + Level 5.0 Axes
 - Level 3.5 Armour
 - Level 1.5 Dodging
 - Level 5.4 Stealth


You had 5 spell levels left.
You didn't know any spells.
Your spell library was empty.

Inventory:

Hand Weapons
 j - a +0 flail
 Y - a +1 hand axe (weapon)
Armour
 d - a +0 plate armour (worn)
 n - a +0 pair of gloves (worn)
Wands
 g - a wand of digging (3)
Scrolls
 a - a scroll of identify
Potions
 c - a potion of resistance
 e - a potion of heal wounds {unknown}
 f - 3 potions of haste
 h - a potion of mutation {unknown}
 i - 3 potions of curing
 k - a potion of might
 l - a potion of attraction {unknown}

Dungeon Overview and Level Annotations

Branches:
Dungeon (5/15)
 Temple: D:4-7

Altars:
Hepliaklqana
Vehumet


Message History

The orc hits you but does no damage. The orc barely misses you.
The orc hits you but does no damage.
You completely miss the orc wizard. You barely miss the orc. x2
The orc hits you but does no damage. The orc barely misses you.
The orc wizard casts a spell.
The orc wizard flickers and vanishes!
Deactivating autopickup; reactivate with Ctrl-A.
The orc barely misses you.
You closely miss the orc. You hit the orc but do no damage. You miss something.
The orc hits you but does no damage. Something hits you but does no damage.
The orc hits you but does no damage. The orc hits you with a +0 dagger.
You hit the orc but do no damage. x2; You closely miss something.
Your surroundings suddenly seem different.
An ufetubus comes into view.
Found a glowing white potion.
Enter note:
4297 ||| READING scroll of teleportation.
As you read the scroll of teleportation, it crumbles to dust.
You feel strangely unstable.
A sourceless malevolence fills the Dungeon... and a teleportation trap spontaneously manifests!
You are yanked towards a nearby monster!
Your surroundings suddenly seem different.
The gnoll zaps a wand.
The roots erupt in riotous growth!
The grasping roots grab you! The grasping roots constrict you.
You hear a shout!
The roots grasp on you weakens, but your attempt to escape fails.
Your surroundings suddenly seem different.
The roots lose their grip on you.
A quokka comes into view.
Found a stone staircase leading down.
A quokka comes into view.
You hit the quokka.
The quokka is severely wounded.
The quokka bites you but does no damage.
You hit the quokka.
You kill the quokka!
You miss the quokka. The quokka bites you.
You die...

..... .....
....# .....
.... .....
#... .....
... .....
#.. ...#
#..## ..##
# #..r###
...# ...
##@..#
.....
#..#....#
.....
#.......#
.#...
#.........#
.....
..........#
.....
......>####
##..#.#
#...#. .#.
##


You could see a quokka.

Vanquished Creatures
  A kobold brigand (D:3)
  A hound (D:3)
  2 jellies
  A scorpion zombie (D:4)
  A hound zombie (D:4)
  A hound skeleton (D:4)
  6 adders
  A gnoll (D:4)
  An adder zombie (D:4)
  A worm (D:3)
  3 dart slugs
  6 orcs
  5 ball pythons
  5 bats
  7 endoplasms
  5 giant cockroaches
  10 goblins
  9 hobgoblins
  4 jackals (D:1)
  3 quokkas
  5 frilled lizards
  5 kobolds
  4 rats
87 creatures vanquished.

Vanquished Creatures (others)
  2 withered plants (D:4)
2 creatures vanquished.

Grand Total: 89 creatures vanquished

Notes
Turn   | Place    | Note
-------+----------+-------------------------------------------
     0 | D:5      | qw the Gargoyle Delver began the quest for the Orb.
     0 | D:5      | Reached XP level 1. HP: 14/14 MP: 1/1
     0 | D:5      | 0 ||| qw: Version: 0.1-a-116-g5d60599
     0 | D:5      | 0 ||| qw: Game counter: 9248
     0 | D:5      | 0 ||| qw: Always use a shield: true
     0 | D:5      | 0 ||| qw: God list: Okawaru
     0 | D:5      | 0 ||| qw: Allow faded altars: false
     0 | D:5      | 0 ||| qw: Do Orc after D:15 true
     0 | D:5      | 0 ||| qw: Do second Lair branch before Depths: true
     0 | D:5      | 0 ||| qw: Lair rune preference: random
     0 | D:5      | 0 ||| qw: Plans: Normal
     0 | D:5      | 0 ||| PLANNING D:1-11
    24 | D:5      | Noticed a jelly
    38 | D:5      | HP: 3/14 [acid (1)]
    39 | D:5      | Killed a jelly
    40 | D:5      | Reached skill level 3 in Axes
    40 | D:5      | Reached XP level 2. HP: 4/19 MP: 2/2
    40 | D:5      | Reached XP level 3. HP: 6/23 MP: 3/3
   399 | D:5      | 399 ||| DROPPING +0 club.
   404 | D:5      | 404 ||| DROPPING scroll of fog.
   405 | D:5      | 405 ||| DROPPING scroll of magic mapping.
   406 | D:5      | 406 ||| DROPPING scroll of fear.
   636 | D:3      | Reached XP level 4. HP: 23/28 MP: 4/4
   815 | D:3      | 815 ||| READING 2 scrolls labelled DIYSTR KASULASE.
   916 | D:3      | 916 ||| READING scroll labelled TERIMO JUZOD.
   917 | D:3      | 917 ||| READING scroll labelled PUN OPPIRO.
   918 | D:3      | 918 ||| READING scroll labelled LADWUO RAGRUS.
   919 | D:3      | 919 ||| DROPPING scroll of silence.
  1057 | D:2      | 1057 ||| UPGRADING to +0 plate armour.
  1067 | D:2      | 1067 ||| DROPPING +0 leather armour.
  1068 | D:2      | 1068 ||| READING scroll labelled CECOIPN LIGH.
  1451 | D:2      | Reached skill level 1 in Armour
  1485 | D:2      | 1485 ||| READING scroll labelled TEUTIZ TITHROM.
  1535 | D:1      | 1535 ||| Stepping ~*~*~tactically~*~*~ (hiding).
  1658 | D:1      | 1658 ||| Stepping ~*~*~tactically~*~*~ (stealth).
  1897 | D:1      | Reached XP level 5. HP: 32/32 MP: 5/5
  1929 | D:1      | 1929 ||| Stepping ~*~*~tactically~*~*~ (stealth).
  1942 | D:1      | 1942 ||| Stepping ~*~*~tactically~*~*~ (stealth).
  2357 | D:1      | Found a faded altar of an unknown god.
  2421 | D:1      | 2421 ||| READING scroll labelled YRIPSU IFEUN.
  2422 | D:1      | 2422 ||| DRINKING 3 brown potions.
  2423 | D:1      | 2423 ||| DRINKING 2 pink potions.
  2424 | D:1      | 2424 ||| READING 2 scrolls of identify.
  2424 | D:1      | 2424 ||| IDENTIFYING golden potion
  2425 | D:1      | 2425 ||| DROPPING potion of brilliance.
  2537 | D:2      | 2537 ||| Stepping ~*~*~tactically~*~*~ (stealth).
  2541 | D:2      | 2541 ||| Stepping ~*~*~tactically~*~*~ (stealth).
  2636 | D:2      | 2636 ||| Stepping ~*~*~tactically~*~*~ (stealth).
  2638 | D:2      | 2638 ||| Stepping ~*~*~tactically~*~*~ (stealth).
  2655 | D:2      | 2655 ||| Stepping ~*~*~tactically~*~*~ (stealth).
  3007 | D:2      | 3007 ||| DROPPING orb of light.
  3008 | D:2      | 3008 ||| UPGRADING to +0 pair of gloves.
  3013 | D:2      | 3013 ||| DROPPING ring of magical power.
  3061 | D:3      | 3061 ||| Stepping ~*~*~tactically~*~*~ (stealth).
  3293 | D:3      | Found a radiant altar of Vehumet.
  3340 | D:3      | Identified the +7 dagger of Weecubet {holy, Str+3 Int+2
                  | Stlth+}
  3358 | D:3      | Noticed a kobold brigand
  3361 | D:3      | Found a hazy altar of Hepliaklqana.
  3376 | D:3      | Killed a kobold brigand
  3377 | D:3      | Reached skill level 3 in Armour
  3377 | D:3      | Reached XP level 6. HP: 20/37 MP: 6/6
  3515 | D:3      | Found a faded altar of an unknown god.
  3854 | D:3      | 3854 ||| READING scroll labelled HIEGGU FOMIMU.
  3855 | D:3      | 3855 ||| READING 2 scrolls of identify.
  3855 | D:3      | 3855 ||| IDENTIFYING viscous black potion
  3875 | D:4      | 3875 ||| STAIRDANCE
  3917 | D:4      | 3917 ||| STAIRDANCE
  3965 | D:4      | 3965 ||| STAIRDANCE
  4033 | D:4      | 4033 ||| STAIRDANCE
  4088 | D:4      | 4088 ||| Stepping ~*~*~tactically~*~*~ (stealth).
  4090 | D:4      | 4090 ||| Stepping ~*~*~tactically~*~*~ (stealth).
  4191 | D:4      | 4191 ||| FLEEEEING.
  4197 | D:4      | 4197 ||| STAIRDANCE
  4252 | D:4      | 4252 ||| Stepping ~*~*~tactically~*~*~ (stealth).
  4287 | D:4      | HP: 9/38 [constriction (1)]
  4288 | D:4      | 4288 ||| READING 3 scrolls of teleportation.
  4289 | D:4      | HP: 4/38 [gnoll/+0 flail[a gnoll bouda] (2)]
  4293 | D:4      | 4293 ||| READING 2 scrolls of teleportation.
  4295 | D:4      | HP: 2/38 [orc/+0 dagger (2)]
  4297 | D:4      | 4297 ||| READING scroll of teleportation.
  4304 | D:4      | Slain by a quokka

Levels and vault maps discovered:
D:1:      onia_arrival_mini_spirals, layout_basic, basic_ecumenical_altar
D:2:      minmay_razor_zed, layout_basic
D:3:      minmay_door_path, layout_loops_ring,
          beargit_hepliaklqana_dungeon_heroes, mainiacjoe_overflow_alcove_1,
          st_stairs_3
D:4:      layout_cave_pools, jmf_multi_god_temple2, serial_undead,
          serial_undead_f, serial_undead_b, serial_undead_a, serial_undead_e,
          serial_undead_f, serial_undead_d
D:5:      minmay_angry_zag, layout_cave_pools, nicolae_gozag_seed_capital,
          minmay_temple_entry_glass, lemuel_flame_loot_1

Skill      XL: |  1  2  3  4  5  6 |
---------------+-------------------+-----
Axes           | 3 4 5 |  5.0
Armour         | 2 3 |  3.5
Fighting       | 4 |  4.1
Dodging        | |  1.5
Stealth        | |  5.4

Action                   |  1- 3 |  4- 6 || total
-------------------------+-------+-------++-------
Melee: Hand axe          |    42 |   307 ||   349
  Use: Scroll            |       |    13 ||    13
       Potion            |       |     2 ||     2
Armor: Leather armour    |     9 |    10 ||    19
       Plate armour      |       |   216 ||   216
Dodge: Dodged            |    30 |    71 ||   101

Table legend:
 A = Non-vault XP
 B = Vault XP
 C = Vault XP percentage of total XP
 D = Non-vault monster count
 E = Vault monster count
 F = Vault count percentage of total count
                 A         B        C        D         E       F
            +---------+---------+-------+---------+---------+-------
      Total |     297 |     243 |  45.0 |      65 |      22 |  25.3
            +---------+---------+-------+---------+---------+-------
        D:1 |      56 |       0 |   0.0 |      30 |       0 |   0.0
        D:2 |      19 |      44 |  69.8 |      11 |      12 |  52.2
        D:3 |      73 |     117 |  61.6 |      10 |       6 |  37.5
        D:4 |      94 |      82 |  46.6 |       9 |       4 |  30.8
        D:5 |      55 |       0 |   0.0 |       5 |       0 |   0.0
            +---------+---------+-------+---------+---------+-------
